 Dungeon Crawl Stone Soup version 0.18-a0-731-ga019a5f (webtiles) character file.

15625 4thArraOfDagon the Bludgeoner (level 12, -13/133 HPs)
             Began as an Ogre Hunter on Dec 9, 2015.
             Was an Elder of the Shining One.
             Mangled by an orc warlord
             ... wielding a +0 glaive
              (33 damage)
             ... while paralysed by an orc sorcerer
             ... on level 3 of the Orcish Mines.
             The game lasted 00:33:40 (6048 turns).

4thArraOfDagon the Bludgeoner (Ogre Hunter)         Turns: 6048, Time: 00:33:40

Health: -13/133    AC:  7    Str: 24    XL:     12   Next: 29%
Magic:  18/18      EV:  3    Int: 14    God:    the Shining One [****..]
Gold:   681        SH:  0    Dex: 13    Spells: 0 memorised, 11 levels left

rFire  . . .     SeeInvis .     L - +4 war axe of the Fifty Stars {chop, rPois Str+4 Dex+3}
rCold  . . .     Clarity  .     w - +0 troll leather armour {Purgy}
rNeg   + + +     SustAt   .     (no shield)
rPois  +         Gourm    .     (helmet restricted)
rElec  .         Spirit   .     o - +0 cloak
rCorr  .         Dismiss  .     (gloves unavailable)
rMut   .         Stasis   .     (boots unavailable)
MR     +....                    j - amulet of rage
Stlth  +.........               R - ring of poison resistance
                                O - ring of positive energy

@: paralysed, glowing, somewhat resistant to hostile enchantments, very
unstealthy
A: unfitting armour, repulsion field 1, icy blue scales 1, spit poison 1, tough
skin 1
a: Spit Poison, Divine Shield, Cleansing Flame, Renounce Religion, Evoke Berserk
Rage


You were on level 3 of the Orcish Mines.
You worshipped the Shining One.
The Shining One was greatly pleased with you.
You were not hungry.

You visited 3 branches of the dungeon, and saw 19 of its levels.
You also visited: Sewer and Ossuary.

You collected 681 gold pieces.

Inventory:

Hand Weapons
 c - a +0 club
 p - a +2 short sword of flaming
 r - a +0 flail
 s - a +1 morningstar of protection
 v - a +7 club
 A - a +0 blowgun
 J - a +0 giant spiked club of protection
 L - the +4 war axe of the Fifty Stars (weapon) {chop, rPois Str+4 Dex+3}
   (You found it on level 12 of the Dungeon)

   It inflicts extra damage upon your enemies.
   It affects your strength (+4).
   It affects your dexterity (+3).
   It protects you from poison.
 M - a +1 broad axe of flaming
Missiles
 a - 5 large rocks (quivered)
 d - 2 throwing nets
 l - 3 javelins
Armour
 b - a +0 robe
 o - a +0 cloak (worn)
 w - a +0 troll leather armour (worn) {Purgy}
 C - a +0 leather armour
Jewellery
 j - an amulet of rage (around neck)
 q - an uncursed ring of ice
 t - an uncursed amulet of the gourmand
 N - an uncursed amulet of clarity
 O - a ring of positive energy (left hand)
 R - a ring of poison resistance (right hand)
Wands
 y - a wand of magic darts (45)
 E - a wand of enslavement (10)
 G - a wand of polymorph (17)
 P - a wand of digging (3)
 S - a wand of random effects (22)
Scrolls
 g - 5 scrolls of remove curse
 i - a scroll of amnesia
 m - a scroll of teleportation
 u - 7 scrolls of fear
 Q - 2 scrolls of recharging
Potions
 f - 6 potions of might
 k - 2 potions of flight
 n - 2 potions of agility
 x - 4 potions of curing
 z - a potion of lignification
 H - 2 potions of heal wounds
 I - 5 potions of brilliance {unknown}
 K - 2 potions of resistance
Books
 B - a book of Dreams

   Spells                             Type                      Level
   a - Ensorcelled Hibernation        Hexes/Ice                    2
   b - Phase Shift                    Translocation                5
   c - Shadow Creatures               Summoning                    5
   d - Silence                        Hexes/Air                    5
   e - Darkness                       Hexes                        6
   f - Mass Confusion                 Hexes                        6
Miscellaneous
 D - a sack of spiders
Comestibles
 e - 6 bread rations
 h - 3 meat rations
 F - 4 chunks of flesh
 U - 7 royal jellies


   Skills:
 + Level 12.6 Fighting
 * Level 15.5 Maces & Flails
 - Level 4.0 Throwing
 + Level 6.8 Dodging
 - Level 0.7 Stealth
 + Level 8.0 Invocations
 - Level 4.2 Evocations


You had 11 spell levels left.
You didn't know any spells.

Dungeon Overview and Level Annotations

Branches:
Dungeon (15/15)            Temple (1/1) D:5             Orc (3/4) D:11
   Lair: D:8-11         Elf: Orc:3-4     Vaults: D:13-14     Depths: D:15

Altars:
Dithmenos
Elyvilon
Fedhas
Gozag
Kikubaaqudgha
Nemelex Xobeh
Qazlal
Ru
Sif Muna
Vehumet
Xom
Zin
The Shining One

Annotations:
D:11 LAIR
Orc:3 Urug


Innate Abilities, Weirdness & Mutations

You are too large for most types of armour.
You have tough skin (AC +1).
You are surrounded by a mild repulsion field (EV +2).
You are partially covered in icy blue scales (AC +1).
You can spit weak poison.


Message History

The orc priest hits you but does no damage.
The orc hits you but does no damage.
Urug throws a poisoned javelin.
The poisoned javelin hits you!!
* * * LOW HITPOINT WARNING * * *
The orc wizard mumbles some strange words.
The orc wizard blinks!
The orc priest invokes the aid of Beogh against you.
You resist with significant effort.
An orc comes into view. It is wielding a short sword.
The orc shouts!
The ogre hits you with a giant spiked club.
* * * LOW HITPOINT WARNING * * *
The orc barely misses you.
The orc high priest mumbles some strange prayers to Beogh against you.
Something smites you!
* * * LOW HITPOINT WARNING * * *
The orc warlord roars a battlecry!
The orcs go into a battle-frenzy!
The orc warlord hits you from afar with a glaive!!
You die...

.#.......... ..
........... $..
..........##..#
#....#...#.. .
#.....$......
##......o#....
#.....o.ooooo#
#....o@oo#
......O.Tooo...
.......oooh..o.
........4....#.
##........oo...
##.#.....o...#
#......##o...
........ ....


You could see an orc warlord, Urug (frenzied), an orc high priest (frenzied), an
orange demon, a troll, a warg, an orc sorcerer (frenzied), 3 orc warriors, an
ogre, an orc priest (frenzied), 4 orc wizards and 9 orcs.

Vanquished Creatures
  Erica (D:7)
  Nergalle (D:12)
  3 hill giants
  The ghost of PeterLawrence the Basher, a novice MiFi of Okawaru (D:6)
  4 ugly things
  A guardian serpent (D:12)
  3 manticores
  Joseph (D:7)
  The ghost of Inquiry the Nimble, a novice FeTm of Cheibriados (D:8)
  A gargoyle (D:14)
  A queen bee (D:8)
  A two-headed ogre (D:14)
  A troll (D:12)
  8 yaks
  2 wyverns (D:11)
  3 hungry ghosts
  A hippogriff (D:12)
  Menkaure (D:5)
  A mottled dragon (D:12)
  A soldier ant (D:14)
  A water moccasin (D:9)
  A black bear (D:5)
  A sky beast (D:14)
  Purgy (Sewer)
  4 orc warriors
  3 ice beasts
  5 ogres
  3 centaurs
  2 crocodiles
  5 giant frogs
  2 big kobolds (D:9)
  Blork the orc (D:4)
  A wyvern skeleton (D:6)
  3 scorpions
  31 killer bees
  3 crimson imps
  A quasit (D:11)
  A hound (D:4)
  9 orc priests
  4 giant frog skeletons
  2 centaur skeletons
  7 orc wizards
  Natasha (D:3)
  3 iguanas
  12 worker ants
  A big kobold zombie (Ossuary)
  2 hound zombies
  4 mummies (Ossuary)
  Robin (D:4)
  2 worker ant zombies
  11 adders
  A river rat (D:5)
  2 shadow imps
  An ooze (D:4)
  An adder zombie (D:5)
  A worm (D:5)
  54 orcs
  10 bats
  4 giant cockroaches
  A gnoll zombie (Ossuary)
  8 goblins
  2 hobgoblins
  6 jackals
  2 quokkas
  2 giant geckos
  3 giant newts
  4 goblin zombies (Ossuary)
  A hobgoblin zombie (Ossuary)
  A jackal skeleton (D:4)
  A jackal zombie (D:7)
  12 kobolds
  2 kobold zombies (Ossuary)
  An orc zombie (Ossuary)
  A quokka skeleton (D:8)
  12 rats
  A rat zombie (Ossuary)
299 creatures vanquished.

Vanquished Creatures (others)
  5 fungi (D:11)
  A plant (D:11)
6 creatures vanquished.

Grand Total: 305 creatures vanquished

Notes
Turn   | Place    | Note
--------------------------------------------------------------
     0 | D:1      | 4thArraOfDagon the Ogre Hunter began the quest for the Orb.
     0 | D:1      | Reached XP level 1. HP: 22/22 MP: 1/1
   173 | D:2      | Reached XP level 2. HP: 12/31 MP: 2/2
   255 | D:3      | Noticed Natasha
   259 | D:3      | Killed Natasha
   259 | D:3      | Reached XP level 3. HP: 12/41 MP: 3/3
   343 | D:3      | Reached skill level 5 in Fighting
   387 | D:3      | You fall through a shaft for 2 floors!
   387 | D:5      | Entered Level 5 of the Dungeon
   404 | D:5      | Reached skill level 1 in Evocations
   404 | D:5      | Reached XP level 4. HP: 27/50 MP: 4/4
   405 | D:5      | Found a shadowy altar of Dithmenos.
   517 | D:5      | Reached skill level 1 in Maces & Flails
   525 | D:5      | Reached XP level 5. HP: 36/59 MP: 4/6
   611 | D:5      | Noticed an ice beast
   616 | D:5      | Killed an ice beast
   616 | D:5      | Reached skill level 6 in Fighting
   616 | D:5      | Reached XP level 6. HP: 38/67 MP: 7/7
   730 | D:5      | Found a staircase to the Ecumenical Temple.
   734 | Temple   | Entered the Ecumenical Temple
   758 | Temple   | Became a worshipper of the Shining One
   819 | D:5      | Found a glowing drain.
   843 | D:5      | Noticed Menkaure
   864 | Sewer    | Entered a sewer
  1001 | Sewer    | game changer?
  1002 | Sewer    | Noticed Purgy
  1008 | Sewer    | Killed Purgy
  1028 | Sewer    | yep
  1058 | D:5      | Killed Menkaure
  1058 | D:5      | Reached skill level 5 in Maces & Flails
  1058 | D:5      | Reached XP level 7. HP: 10/76 MP: 8/8
  1191 | D:4      | Noticed Blork the orc
  1223 | D:4      | Killed Blork the orc
  1324 | D:4      | Found an ancient bone altar of Kikubaaqudgha.
  1340 | D:4      | Noticed Robin
  1378 | D:4      | Killed Robin
  1412 | D:4      | Reached skill level 7 in Fighting
  1432 | D:3      | Found a sparkling altar of Nemelex Xobeh.
  1544 | D:6      | Noticed PeterLawrence's ghost (novice MiFi)
  1556 | D:6      | Killed PeterLawrence's ghost
  1556 | D:6      | Reached XP level 8. HP: 85/88 MP: 10/10
  1559 | D:6      | Found a deep blue altar of Sif Muna.
  1731 | D:6      | Reached skill level 8 in Maces & Flails
  1750 | D:6      | Found a sand-covered staircase.
  1759 | Ossuary  | Entered an ossuary
  1759 | Ossuary  | Reached * piety under the Shining One
  2055 | D:5      | Reached skill level 9 in Maces & Flails
  2224 | D:7      | Reached XP level 9. HP: 58/98 MP: 12/12
  2271 | D:7      | Reached skill level 1 in Invocations
  2277 | D:7      | Reached skill level 10 in Maces & Flails
  2369 | D:7      | Noticed Joseph
  2387 | D:7      | Killed Joseph
  2452 | D:8      | Noticed Erica
  2456 | D:7      | Reached ** piety under the Shining One
  2629 | D:7      | Killed Erica
  2629 | D:7      | Reached skill level 11 in Maces & Flails
  2671 | D:7      | Reached skill level 10 in Fighting
  2682 | D:8      | Reached XP level 10. HP: 110/110 MP: 13/13
  3018 | D:9      | Found a stormy altar of Qazlal.
  3069 | D:10     | Entered Level 10 of the Dungeon
  3103 | D:10     | Noticed a hill giant
  3130 | D:10     | Killed a hill giant
  3220 | D:10     | Reached skill level 12 in Maces & Flails
  3400 | D:11     | Noticed a hill giant
  3407 | D:11     | Killed a hill giant
  3494 | D:12     | Reached skill level 5 in Invocations
  3656 | D:12     | Noticed a guardian serpent
  3660 | D:12     | Killed a guardian serpent
  3660 | D:12     | Reached skill level 13 in Maces & Flails
  3674 | D:12     | Gained mutation: You can spit weak poison. [mutagenic meat]
  3675 | D:12     | Gained mutation: You are surrounded by a mild repulsion field (EV +2). [mutagenic meat]
  3821 | D:12     | Got a scorched war axe
  3822 | D:12     | Identified the +4 war axe of the Fifty Stars {chop, rPois Str+4 Dex+3} (You found it on level 12 of the Dungeon)
  3878 | D:12     | Found a sparkling altar of Nemelex Xobeh.
  3940 | D:13     | Reached XP level 11. HP: 120/120 MP: 15/15
  3973 | D:13     | Reached skill level 5 in Dodging
  4060 | D:14     | Noticed a hill giant
  4069 | D:14     | Killed a hill giant
  4162 | D:14     | Gained mutation: You are partially covered in icy blue scales (AC +1). [mutagenic meat]
  4190 | D:14     | Reached skill level 14 in Maces & Flails
  4258 | D:15     | Entered Level 15 of the Dungeon
  4261 | D:15     | Reached *** piety under the Shining One
  4541 | D:11     | Noticed Nergalle
  4550 | D:12     | Killed Nergalle
  5056 | D:10     | Reached **** piety under the Shining One
  5080 | D:10     | Reached XP level 12. HP: 121/133 MP: 17/17
  5085 | D:10     | Reached skill level 15 in Maces & Flails
  5240 | D:8      | Noticed Inquiry's ghost (novice FeTm)
  5243 | D:8      | Killed Inquiry's ghost
  5280 | D:8      | HP: 8/199 [killer bee (5)]
  5641 | D:9      | You fall through a shaft for 2 floors!
  5892 | D:11     | Found a staircase to the Orcish Mines.
  5909 | Orc:1    | Entered Level 1 of the Orcish Mines
  6040 | Orc:3    | Noticed Urug
  6042 | Orc:3    | Noticed an orc warlord
  6042 | Orc:3    | Noticed an orc high priest
  6043 | Orc:3    | Paralysed by an orc sorcerer for 6 turns
  6048 | Orc:3    | Mangled by an orc warlord

Vault maps used:
D:1:      evilmike_arrival_hilbert_curve, due_unseen_surprise
D:2:      nicolae_overflow_crystal_walls, lemuel_doored_altar, uniq_sigmund
D:3:      lightli_temple_of_fire, nicolae_overflow_hidden_temple,
          uniq_crazy_yiuf_cottage, uniq_natasha
D:4:      overflow_temple_1_default, cheibriados_altar_1, minmay_door_square,
          uniq_blork_the_orc, uniq_robin, uniq_duvessa
D:5:      grunt_dithmenos_smoke, temple_hall_moat, first_bread,
          portal_sewer_entry_a, uniq_menkaure
D:6:      nicolae_ashenzari_panopticon, makhleb_heckhound_becter,
          lemuel_round_altar, led_sif_book,
          lightli_ossuary_entry_decrepit_ruins, minmay_crystal_water
D:7:      uniq_joseph
D:8:      david_nohive_1, uniq_erica
D:9:      grunt_qazlal_sundering, st_stairs_8, minmay_misc_feat_nine_boxes
D:11:     grunt_lair_entry_elf_guard_hut, hiddenorc1_lemuel, uniq_nergalle
D:12:     basic_altar, nrook_guardian_serpent_double
D:14:     grunt_vaults_entry_tiered, grunt_decor_one_mirror, minmay_orc_keep
D:15:     grunt_enter_depths_magical_seal, nicolae_twisting_strands
Temple:   minmay_temple_bridge_a_8
Orc:1:    nicolae_orc_accident_2, basic_altar, serial_shops, nicolae_shop_trees
Orc:3:    serial_shops, shop, nicolae_orc_pool_cavern, uniq_erolcha, uniq_urug,
          uniq_maurice
Sewer:    kennysheep_door_sewer
Ossuary:  ossuary_minmay_tomb_2a

Action                   |  1- 3 |  4- 6 |  7- 9 | 10-12 || total
-------------------------+-------+-------+-------+-------++-------
Melee: Short sword       |    52 |     4 |       |       ||    56
       Club              |       |    18 |    16 |       ||    34
       Flail             |       |    50 |    21 |       ||    71
       Morningstar       |       |       |   222 |   146 ||   368
       Giant spiked club |       |       |       |   295 ||   295
       War axe           |       |       |       |    22 ||    22
Throw: Large rock        |    14 |     3 |     1 |       ||    18
       Throwing net      |     5 |     2 |       |       ||     7
       Javelin           |       |     3 |       |       ||     3
Invok: Divine Shield     |       |       |     1 |       ||     1
 Abil: Evoke Berserk Rag |       |     5 |     7 |    13 ||    25
  Use: Scroll            |       |     5 |    10 |     8 ||    23
       Potion            |       |     1 |     4 |     3 ||     8
 Stab: Sleeping          |     1 |       |       |       ||     1
  Eat: Chunk             |       |     4 |    12 |    21 ||    37
       Fruit             |       |       |       |     5 ||     5
       Royal jelly       |       |       |       |     1 ||     1
       Bread ration      |       |       |       |     1 ||     1
